AoeStats
← sheriffsheriffsheriff

Arabia

510493556Analyzed
1v1 RM · 2d ago on Oct 1, 2026· 46m 34s· 2 players
Game mode
Random Map
Map size
Tiny (2 player)
Population
200
Speed
Normal
Resources
Standard
Victory
Conquest
Starting age
Dark Age
Ending age
Imperial Age
RankedLock teamsTeams togetherTeam positionsShared explorationLock speedFull tech treeHidden civsTurbo modeCheats
Victory
Defeat
🇨🇱 Aztecs · Chile
1611
+11
🇨🇭 Berbers · Switzerland
1500
-11
sheriffsheriffsheriff
6:32 Loom
9:15 Feudal Age
9:57 Double-Bit Axe
15:29 Horse Collar
18:08 Fletching
21:54 Castle Age
20:05 Padded Archer Armor
21:41 Gold Mining
22:09 Scale Barding Armor
23:06 Bloodlines
22:57 Husbandry
22:55 Bodkin Arrow
23:53 Leather Archer Armor
25:26 Chain Barding Armor
28:25 Wheelbarrow
27:36 Town Watch
28:36 Light Cavalry
30:25 Ballistics
31:21 Forging
34:42 Hand Cart
34:27 Town Patrol
39:58 Imperial Age
40:11 Cavalier
42:23 Iron Casting
The_Kaikai
6:39 Loom
9:09 Feudal Age
9:54 Double-Bit Axe
21:59 Castle Age
20:21 Gold Mining
20:44 Fletching
21:45 Padded Archer Armor
21:35 Horse Collar
22:03 Crossbowman
23:06 Bow Saw
22:57 Heavy Plow
23:10 Town Watch
31:10 Wheelbarrow
35:17 Imperial Age
32:13 Pikeman
32:14 Eagle Warrior
33:18 Scale Mail Armor
33:25 Squires
33:12 Gambesons
34:59 Forging
36:25 Chain Mail Armor
38:09 Plate Mail Armor
40:30 Iron Casting
41:11 Garland Wars
41:12 Conscription
42:18 Hand Cart
43:05 Blast Furnace
41:52 Arson
41:38 Elite Eagle Warrior
42:04 Arson
42:41 Conscription
42:41 Hand Cart
43:03 Stone Mining
43:49 Gold Shaft Mining
46:01 Blast Furnace
Connection lost

Rejoining the realm…

Still unreachable

The connection could not be restored.

Session expired

The server has moved on; the page needs a fresh start.